 Dungeon Crawl Stone Soup version 0.32-a0-607-g64ea0e4219 (console) character file.

Game seed: 13855722439035782001

2093856 elliptic the Conqueror (level 27, 249/249 HPs)
             Began as a Coglin Gladiator on Mar 3, 2024.
             Was a High Priest of Okawaru.
             Escaped with the Orb
             ... and 3 runes
             ... and 1 gem on Mar 4, 2024!
             The game lasted 02:52:17 (49090 turns).

elliptic the Conqueror (Coglin Gladiator)          Turns: 49090, Time: 02:52:17

Health: 249/249    AC: 61    Str: 26    XL:     27
Magic:  7/33       EV: 15    Int:  7    God:    Okawaru [*****.]
Gold:   800        SH:  0    Dex: 21    Spells: 26/26 levels left

rFire   + + .        a - +18 lance {slay drac, rPois rF+ rC+ AC+3, norare}
rCold   + . .        b - +9 broad axe (heavy) {Kanchana}
rNeg    . . .        t - +9 crystal plate armour "Miow" {Rampage rElec Will++, nodragon}
rPois   +            J - +2 helmet {SInv}
rElec   +            w - +2 cloak {Will+}
rCorr   +            K - +3 Mad Mage's Maulers {Infuse+∞ VampMP -Cast}
SInv    +            c - +2 pair of boots {Fly}
Will    +++++        (amulet unavailable) Stlth
                     (ring unavailable)
HPRegen 1.41/turn    (ring unavailable)
MPRegen 0.63/turn    g - hypergenerator N-20 {rPois rF+ Regen+ RegenMP+ rCorr}

%: no spellcasting, rampage, infuse magic (7 MP)
@: mighty, finesse-ful, flying, hasted, studying 3 skills, very quick
A: off-hand wielding, slow wielding, warmup strikes, no jewellery, iridescent
scales 1, agile 1
0: Orb of Zot
}: 3/15 runes: decaying, silver, gossamer
a: Renounce Religion, Heroism, Finesse, Duel


You escaped.
You worshipped Okawaru.
Okawaru was extremely pleased with you.
You visited 11 branches of the dungeon, and saw 51 of its levels.
You also visited: Sewer and Bailey.

You collected 9087 gold pieces.
You spent 8287 gold pieces at shops.


Innate Abilities, Weirdness & Mutations

You can wield a second weapon in your off-hand.
It takes a long time for you to wield or remove held weapons.
Your first few attacks do less damage.
You cannot equip rings or amulets.
You are partially covered in iridescent scales. (AC +2)
You are agile. (Dex +4, Str/Int -1)


   Skills:
 O Level 27 Fighting
 - Level 21.9(22.1) Axes
 - Level 4.0(13.9) Maces & Flails
 - Level 1.7 Throwing
 - Level 25.0 Armour
 + Level 15.1 Dodging
 - Level 14.0 Invocations
 - Level 10.0 Evocations


You had 26 spell levels left.
You didn't know any spells.
Your spell library contained the following spells:

 Spells                   Type           Power      Damage    Failure   Level
 Apportation              Tloc           0%         N/A       98%         1
 Magic Dart               Conj           0%         1d3       98%         1
 Slow                     Hex            0%         N/A       98%         1
 Sting                    Conj/Alch      0%         1d3       98%         1
 Blink                    Tloc           0%         N/A       99%         2
 Cigotuvi's Dreadful Rot  Necr/Alch/Air  0%         N/A       99%         2
 Ensorcelled Hibernation  Hex/Ice        0%         N/A       99%         2
 Jinxbite                 Hex            0%         N/A       99%         2
 Mercury Vapours          Alch/Air       0%         N/A       99%         2
 Scorch                   Fire           0%         2d5       99%         2
 Static Discharge         Conj/Air       0%         3-3/arc   99%         2
 Sublimation of Blood     Necr           0%         N/A       99%         2
 Dazzling Flash           Conj/Hex       0%         N/A       100%        3
 Fugue of the Fallen      Necr           0%         N/A       100%        3
 Gell's Gravitas          Tloc           0%         N/A       100%        3
 Inner Flame              Hex/Fire       0%         N/A       100%        3
 Mephitic Cloud           Conj/Alch/Air  0%         N/A       100%        3
 Ozocubu's Armour         Ice            0%         N/A       100%        3
 Passwall                 Erth           0%         N/A       100%        3
 Stone Arrow              Conj/Erth      0%         3d7       100%        3
 Swiftness                Air            0%         N/A       100%        3
 Teleport Other           Tloc           0%         N/A       100%        3
 Anguish                  Hex/Necr       0%         N/A       100%        4
 Brom's Barrelling Bould  Conj/Erth      0%         2d3       100%        4
 Dimensional Bullseye     Hex/Tloc       0%         N/A       100%        4
 Flame Wave               Conj/Fire      0%         2d4       100%        4
 Ignite Poison            Fire/Alch      0%         N/A       100%        4
 Iskenderun's Mystic Bla  Conj/Tloc      0%         2d3       100%        4
 Manifold Assault         Tloc           0%         N/A       100%        4
 Olgreb's Toxic Radiance  Alch           0%         N/A       100%        4
 Petrify                  Alch/Erth      0%         N/A       100%        4
 Alistair's Intoxication  Alch           0%         N/A       100%        5
 Borgnjor's Vile Clutch   Necr/Erth      0%         N/A       100%        5
 Curse of Agony           Necr           0%         N/A       100%        5
 Fireball                 Conj/Fire      0%         3d3       100%        5
 Freezing Cloud           Conj/Ice/Air   0%         6-21      100%        5
 Irradiate                Conj/Alch      0%         3d11      100%        5
 Iskenderun's Battlesphe  Conj           0%         2d6       100%        5
 Lee's Rapid Deconstruct  Erth           0%         3d4*      100%        5
 Metabolic Englaciation   Hex/Ice        0%         N/A       100%        5
 Silence                  Hex/Air        0%         N/A       100%        5
 Yara's Violent Unravell  Hex/Alch       0%         3d3       100%        5
 Conjure Ball Lightning   Conj/Air       0%         3x3d6     100%        6
 Dispersal                Tloc           0%         N/A       100%        6
 Eringya's Noxious Bog    Alch           0%         4d6       100%        6
 Enfeeble                 Hex            0%         N/A       100%        7
 Orb of Destruction       Conj           0%         9d5       100%        7
 Ozocubu's Refrigeration  Ice            0%         4d7       100%        7
 Discord                  Hex            0%         N/A       100%        8
 Ignition                 Fire           0%         3d3       100%        8
 Lehudib's Crystal Spear  Conj/Erth      0%         10d2      100%        8
 Call Imp                 Summ           Unusable   N/A       N/A         2
 Summon Ice Beast         Ice/Summ       Unusable   N/A       N/A         3
 Tukima's Dance           Hex            Unusable   N/A       N/A         3
 Animate Armour           Summ/Erth      Unusable   N/A       N/A         4
 Sculpt Simulacrum        Ice/Alch       Unusable   N/A       N/A         6
 Summon Cactus Giant      Summ           Unusable   N/A       N/A         6
 Dragon's Call            Summ           Unusable   N/A       N/A         9

Inventory:

Hand Weapons
 a - the +18 lance "Wyrmbane" (weapon) {slay drac, rPois rF+ rC+ AC+3, norare}
   (You found it on level 1 of the Depths)

   AC+3:      It affects your AC (+3).
   rF+:       It protects you from fire.
   rC+:       It protects you from cold.
   rPois:     It protects you from poison.
 b - a +9 heavy broad axe (offhand) {Kanchana}
 i - a +1 eveningstar of holy wrath
 N - a +2 spectral eveningstar
 Q - a +5 heavy broad axe {Raimund}
Missiles
 d - 2 throwing nets
 E - 7 curare-tipped darts (quivered)
Armour
 c - a +2 pair of boots of flying (worn)
 t - the +9 crystal plate armour "Miow" (worn) {Rampage rElec Will++, nodragon}
   (You bought it in a shop on level 2 of the Orcish Mines)

   rElec:     It insulates you from electricity.
   Will++:    It greatly increases your willpower.
   Rampage:   It bestows one free step when moving towards enemies.
 w - a +2 cloak of willpower (worn)
 F - a scarf of resistance
 J - a +2 helmet of see invisible (worn)
 K - the +3 Mad Mage's Maulers (worn) {Infuse+∞ VampMP -Cast}
   (You found it on level 4 of the Spider Nest)

   Infuse+∞: It empowers its wearer's blows with all of their magic.
   VampMP:    Blows struck in melee replenish the wearer's magic.
   -Cast:     It prevents spellcasting.
 M - a +2 hat of see invisible
 R - the +0 pair of boots of the Pit {rC+}
   (You found it on level 3 of the Depths)

   rC+:       It protects you from cold.
Gizmo
 g - a hypergenerator N-20 (installed) {rPois rF+ Regen+ RegenMP+ rCorr}
   (You invented it yourself on level 5 of the Lair of Beasts)

   [hypergenerator N-20]

   rF+:       It protects you from fire.
   rPois:     It protects you from poison.
   Regen+:    It increases your rate of health regeneration.
   rCorr:     It protects you from acid and corrosion.
   RegenMP+:  It increases your rate of magic regeneration.
Wands
 n - a wand of polymorph (38)
 z - a wand of light (36)
 A - a wand of digging (9)
 D - a wand of mindburst (16)
 L - a wand of flame (35)
 O - a wand of roots (55)
 W - a wand of paralysis (24)
Scrolls
 e - 5 scrolls of vulnerability
 k - 24 scrolls of teleportation
 m - 7 scrolls of blinking
 p - 12 scrolls of poison
 u - 4 scrolls of fear
 y - 2 scrolls of enchant armour
 T - 11 scrolls of fog
 U - 2 scrolls of enchant weapon
 Y - 4 scrolls of silence {!r}
Potions
 h - 6 potions of magic
 j - 16 potions of mutation {!q}
 l - 7 potions of heal wounds
 o - 7 potions of haste
 q - 12 potions of curing
 r - 6 potions of attraction
 s - 6 potions of cancellation
 v - 3 potions of enlightenment
 x - 3 potions of might
 B - 2 potions of invisibility
 H - 3 potions of resistance {5 for trove}
 I - 10 potions of ambrosia
 P - 4 potions of berserk rage {!q}
Miscellaneous
 G - a lightning rod (4/4)


Message History

You fly upwards.
There is a stone staircase leading down here.
You see here the felid skeleton of Natasha.
There is an open door here.
There is a stone staircase leading up here.
You fly upwards.
There is a stone staircase leading down here.
There is a stone staircase leading up here.
You fly upwards.
There is a stone staircase leading down here.
Unknown command.
You see here a quokka skeleton.
There is an escape hatch in the ceiling here.
You feel yourself speed up. A mysterious force pulls you upwards.
The hatch slams shut behind you.
Aiming: Dig
Press: ? - help, Shift-Dir - straight line, f - you Please select a direction to dig.
This square is covered in magical glow.
The rock shatters into small pieces.
There is an open door here.
A green death comes into view.
The green death roars!
You can now deal lightning-fast blows.
The green death gestures at you. The blast of poison misses you.
You feel very mighty all of a sudden.
There is an open door here.
You reach to attack!
You impale the green death with the +18 lance "Wyrmbane"!!
The green death is moderately wounded.
You slice the green death with your +9 heavy broad axe!!
The green death is severely wounded.
You impale the green death with the +18 lance "Wyrmbane"!!
You kill the green death!
Okawaru accepts your kill.
No target in view!
There is an open door here.
There is a staircase leading out of the dungeon here.
You have escaped!

#........# #.#
#....=...# #.#
#........# #.#
#........#########
#.#
#........#.......#
#########.##
#........###+#'###
#...........
#.........#.....#
#.#######.##
######'##.'.....#
#.# #.#
#¤##.#..8.@# #.#
### #¤##(+.....#
#.# #¤####.....#
#.# #¤# #######
#.# #¤# #.# #¤#
#.# #¤# #.# #¤#
#.# #######'## #.#


There were no monsters in sight!

Vanquished Creatures
  A seraph (D:8)
  3 orbs of fire (Zot:5)
  Frederick (Crypt:3)
  2 ancient liches
  Mennas (Depths:3)
  Josephina (Depths:3)
  3 Killer Klowns (Zot:5)
  Bai Suzhen (Swamp:4)
  Saint Roka (Vaults:2)
  2 curse toes
  10 caustic shrikes (Depths:4)
  5 golden dragons
  Nikola (Elf:2)
  2 profane servitors (Crypt:3)
  3 bone dragons
  Norris (Vaults:2)
  A shard shrike zombie (Crypt:3)
  3 electric golems
  A hellephant (Zot:4)
  23 Orb Guardians
  Rupert (Lair:4)
  Mlioglotl (Spider:4)
  Zenata (Vaults:2)
  13 tentacled monstrosities
  4 liches
  A deep elf master archer (Elf:1)
  2 titans (Vaults:5)
  6 quicksilver dragons
  2 walking divine tomes
  A walking earthen tome (Depths:3)
  The ghost of Don Ynad the Thaumaturge, an adept FoDe of Vehumet (Swamp:1)
  3 deep elf blademasters (Elf:3)
  6 sphinxes
  Gastronok (D:9)
  6 death cobs
  Kirke (Lair:5)
  7 shadow dragons
  2 ancient champions
  4 tengu reavers
  9 storm dragons
  2 revenants (Crypt:2)
  6 fire giants
  A draconian monk (Zot:1)
  2 daevas (D:8)
  Donald (Vaults:1)
  The ghost of Rualuul the Phalangite, an adept MfBe of Trog (Swamp:3)
  A draconian knight (Zot:4)
  3 protean progenitors
  Roxanne (D:15)
  6 frost giants
  9 vault wardens
  3 draconian scorchers
  4 iron dragons
  5 deep elf sorcerers (Elf:3)
  4 ghost moths
  9 ghouls
  2 curse skulls (Crypt:3)
  10 deep elf elementalists
  2 balrugs (Depths:1)
  4 spriggan defenders
  3 draconian annihilators
  2 orc warlords
  A caustic shrike zombie (Depths:1)
  12 ironbound preservers
  3 formless jellyfish
  A reaper (Depths:2)
  24 very ugly things
  11 broodmothers
  7 vampire knights
  A juggernaut zombie (Crypt:3)
  3 ironbound thunderhulks
  18 stone giants
  9 deep elf death magi
  6 deep elf demonologists
  3 eleionomae
  2 green draconians
  3 war gargoyles
  3 black draconians
  A dire elephant (D:15)
  Azrael (Elf:2)
  4 purple draconians
  3 lorocyprocas
  2 demonspawn black suns (Zot:1)
  3 white draconians
  4 yellow draconians
  7 spark wasps
  10 deep elf annihilators (Elf:3)
  Snorg (Orc:2)
  2 bunyips
  13 ettins
  A merfolk javelineer (Depths:4)
  10 eidola
  6 deep elf high priests
  An ettin (shapeshifter) (Vaults:5)
  2 merfolk impalers (Depths:4)
  A green death (D:1)
  6 fire dragons
  A mummy priest (Crypt:3)
  6 entropy weavers
  A quicksilver dragon zombie (Crypt:3)
  13 yaktaur captains
  4 jiangshi (Crypt:2)
  19 hydras
  A spriggan zombie (Crypt:3)
  3 great orbs of eyes
  27 vault guards
  A shambling mangrove (Swamp:3)
  2 rakshasas (Depths:1)
  A sphinx zombie (Vaults:5)
  4 death knights
  13 ice dragons
  4 spriggan air magi
  A catoblepas (Lair:5)
  16 centaur warriors
  A ghost crab (Swamp:3)
  2 peacekeepers
  A caustic shrike simulacrum (Depths:3)
  13 ironbound frosthearts
  6 two-headed ogres
  6 radroaches
  36 dancing weapons
  9 alligators
  7 boulder beetles
  2 jorogumos
  2 deep troll shamans
  4 tengu warriors
  6 vampire magi
  2 death yaks (D:10)
  7 deep troll earth magi
  4 orc high priests
  4 demonic crawlers
  A titan zombie (Crypt:3)
  3 occultists
  3 hell hogs
  5 spriggan berserkers
  Urug (Orc:2)
  5 sun demons (Depths:1)
  8 soul eaters
  Nergalle (Lair:3)
  16 deep elf knights
  13 hell knights
  4 skysharks
  A storm dragon zombie (Depths:1)
  26 skeletal warriors
  4 flayed ghosts
  Lodul (D:10)
  8 pharaoh ants
  A shadow wraith (Crypt:2)
  A storm dragon skeleton (Depths:1)
  6 goliath frogs
  An orb spider (shapeshifter) (Vaults:5)
  An anaconda zombie (Crypt:3)
  40 deep trolls
  13 orb spiders
  9 bog bodies
  5 iron trolls
  2 spriggan druids
  10 arcanists
  2 sun moths
  A golden dragon skeleton (Crypt:1)
  An obsidian statue (Zot:5)
  5 steelbarb worms
  34 phantasmal warriors
  A spriggan simulacrum (Depths:3)
  5 swamp dragons
  9 deep elf archers
  2 glowing orange brains
  14 ironbound convokers
  8 orc knights
  2 thermic dynamos (Elf:2)
  9 necromancers
  A sphinx simulacrum (Depths:3)
  20 deep elf zephyrmancers
  31 ugly things
  42 wolf spiders
  An iron dragon zombie (Depths:1)
  23 deep elf pyromancers
  A salamander (D:15)
  A large abomination (Depths:1)
  17 lindwurms
  A stone giant zombie (Crypt:3)
  3 manticores
  3 orc sorcerers
  A faun (Zot:3)
  9 cyclopes
  An orc zombie (Crypt:3)
  A meliai (Spider:4)
  A moth of wrath (shapeshifter) (Vaults:5)
  A dire elephant zombie (Crypt:3)
  2 will-o-the-wisps
  10 moths of wrath
  A centaur zombie (Crypt:3)
  4 elephants (Lair:4)
  4 kobold blastminers
  A human skeleton (Vaults:5)
  2 frost giant skeletons
  An ice statue (Vaults:2)
  A titan simulacrum (Depths:3)
  5 black mambas
  A gargoyle (D:12)
  9 vault sentinels
  19 cane toads
  5 torpor snails
  An unseen horror (D:12)
  A hellion (Depths:1)
  An unseen horror (shapeshifter) (Elf:3)
  A smoke demon (Depths:1)
  A mana viper skeleton (Crypt:2)
  A death yak zombie (Crypt:1)
  8 freezing wraiths
  2 kobold demonologists
  19 yaktaurs
  A rime drake (Lair:5)
  4 komodo dragons
  3 tengu conjurers
  An alligator snapping turtle skeleton (Crypt:2)
  An efreet (D:15)
  3 guardian mummies (Crypt:3)
  An orb spider zombie (Crypt:2)
  4 trolls
  An unseen horror skeleton (Crypt:1)
  9 hornets
  A polar bear (Lair:5)
  12 tyrant leeches
  A bloated husk (Swamp:4)
  A hydra zombie (Crypt:3)
  30 tarantellas
  2 glass eyes (Depths:3)
  40 blink frogs
  A death drake skeleton (Crypt:1)
  A glass eye (shapeshifter) (Elf:2)
  2 ettin zombies
  46 jumping spiders
  A centaur simulacrum (D:12)
  An ettin skeleton (Depths:1)
  11 wraiths
  2 air elementals
  15 water elementals
  31 slime creatures
  10 spriggans
  23 culicivoras
  3 vampires (D:11)
  2 wyverns
  A shadow (D:9)
  7 fire elementals
  4 humans
  An elf zombie (Vaults:5)
  48 yaks
  A human (shapeshifter) (Vaults:5)
  A black mamba zombie (Crypt:3)
  4 hogs (Lair:5)
  660 redbacks
  2 basilisks
  5 wargs
  A yaktaur simulacrum (Vaults:5)
  26 vampire mosquitoes
  2 swamp worm simulacra (Swamp:4)
  2 steam dragons
  13 swamp worms
  2 naga zombies (Crypt:3)
  A hell hound (Elf:2)
  5 acid dragons
  Duvessa (D:5)
  9 water moccasins
  A faun skeleton (Crypt:2)
  13 hydra simulacra (Swamp:4)
  A water moccasin (shapeshifter) (D:12)
  30 orc warriors
  A glowing shapeshifter skeleton (Vaults:5)
  Pargi (D:3)
  An ice beast (D:6)
  2 sky beasts (D:7)
  4 swamp drakes
  2 black bears
  9 ogres
  10 wolves
  34 laughing skulls
  15 centaurs
  A hog skeleton (Crypt:2)
  2 kobold brigands
  Blork the orc (Orc:2)
  12 bullfrogs
  A brain worm (Sewer)
  2 gnoll sergeants
  7 scorpions
  A komodo dragon skeleton (Crypt:1)
  29 wights
  9 wyvern skeletons (Crypt:3)
  A water moccasin skeleton (Crypt:1)
  Dowan (D:5)
  6 killer bees (D:8)
  A vampire bat (Orc:1)
  4 howler monkeys (D:9)
  9 electric eels
  2 jellies (D:6)
  A bombardier beetle (D:4)
  5 hounds
  21 orc priests
  Ijyb (D:3)
  6 iguanas
  Natasha (thrice) (D:4)
  Terence (D:2)
  17 orc wizards
  A sleepcap (D:4)
  A hell rat (D:10)
  Robin (D:3)
  4 adders
  22 gnolls
  8 river rats
  A shadow imp (D:7)
  3 white imps
  6 swamp drake simulacra (Swamp:4)
  2 ufetubi (D:7)
  4 dart slugs
  59 orcs
  4 endoplasms
  5 giant cockroaches
  A gnoll zombie (Crypt:2)
  18 goblins
  15 hobgoblins
  3 jackals (Sewer)
  6 quokkas
  A quokka (shapeshifter) (Elf:2)
  12 ball pythons
  17 bats
  6 frilled lizards
  A goblin zombie (Crypt:2)
  A hobgoblin zombie (Crypt:1)
  12 kobolds
  7 rats
  3 aspiring fleshes (Zot:3)
2725 creatures vanquished.

Vanquished Creatures (others)
  An alligator (Swamp:4)
  4 foxfires
5 creatures vanquished.

Grand Total: 2730 creatures vanquished

Notes
Turn   | Place    | Note
-------+----------+-------------------------------------------
     0 | D:1      | elliptic the Coglin Gladiator began the quest for the Orb.
     0 | D:1      | Reached XP level 1. HP: 16/16 MP: 1/1
    84 | D:1      | Reached XP level 2. HP: 23/23 MP: 2/2
   496 | D:1      | Reached skill level 3 in Fighting
   635 | D:2      | Found a faded altar of an unknown god.
   744 | D:2      | Reached XP level 3. HP: 29/29 MP: 3/3
   773 | D:2      | Noticed Terence
   801 | D:2      | Killed Terence
   802 | D:2      | Reached skill level 1 in Maces & Flails
   899 | D:4      | why
   941 | D:4      | Found a shimmering blue altar of Sif Muna.
   954 | D:4      | Reached XP level 4. HP: 35/35 MP: 4/4
  1116 | D:3      | Noticed Pargi
  1117 | D:3      | what
  1135 | D:3      | Killed Pargi
  1136 | D:3      | Reached XP level 5. HP: 24/41 MP: 5/5
  1272 | D:3      | Found a glowing drain.
  1277 | Sewer    | Entered a sewer
  1475 | Sewer    | Reached XP level 6. HP: 47/47 MP: 6/6
  1597 | Sewer    | Reached skill level 4 in Fighting
  1822 | D:2      | Found a stormy altar of Qazlal.
  2105 | D:3      | Found Renliff's Armour Shop.
  2239 | D:3      | Reached skill level 5 in Fighting
  2367 | D:3      | Noticed Robin
  2382 | D:3      | Killed Robin
  2389 | D:3      | Reached skill level 1 in Armour
  2572 | D:3      | Noticed Ijyb
  2573 | D:3      | hi
  2573 | D:3      | hm
  2573 | D:3      | a bit concerned
  2594 | D:3      | Killed Ijyb
  2595 | D:3      | Reached XP level 7. HP: 56/56 MP: 7/7
  2985 | D:4      | Noticed Natasha
  2993 | D:4      | Killed Natasha
  2994 | D:4      | Reached skill level 1 in Evocations
  3307 | D:4      | okay
  3335 | D:4      | Noticed Natasha
  3349 | D:4      | Killed Natasha
  3382 | D:4      | Noticed Natasha
  3389 | D:4      | Killed Natasha
  3390 | D:4      | Reached skill level 3 in Evocations
  3546 | D:5      | Entered Level 5 of the Dungeon
  3789 | D:5      | Noticed Duvessa
  3789 | D:5      | Noticed Dowan
  3790 | D:5      | hm
  3794 | D:5      | Killed Duvessa
  3795 | D:5      | Reached XP level 8. HP: 62/62 MP: 8/8
  3797 | D:5      | Killed Dowan
  3798 | D:5      | Reached skill level 6 in Evocations
  3885 | D:5      | Found a white marble altar of Elyvilon.
  3895 | D:5      | Became a worshipper of Elyvilon the Healer
  4447 | D:6      | Reached skill level 9 in Evocations
  4474 | D:6      | Gained mutation: You are agile. (Dex +4, Str/Int -1)
                  | [potion of mutation]
  4474 | D:6      | Gained mutation: You are partially covered in iridescent
                  | scales. (AC +2) [potion of mutation]
  4485 | D:6      | Reached * piety under Elyvilon
  4589 | D:6      | Reached skill level 6 in Fighting
  4592 | D:6      | Reached XP level 9. HP: 67/69 MP: 9/9
  5344 | D:7      | Reached ** piety under Elyvilon
  5367 | D:7      | Reached skill level 7 in Fighting
  5576 | D:7      | Reached skill level 3 in Armour
  5690 | D:7      | Noticed a two-headed ogre
  5704 | D:7      | Killed a two-headed ogre
  5705 | D:7      | Reached skill level 6 in Axes
  5801 | D:7      | Reached XP level 10. HP: 79/79 MP: 10/10
  5928 | D:7      | Found a staircase to the Ecumenical Temple.
  5937 | Temple   | Entered the Ecumenical Temple
  5942 | Temple   | Fell from the grace of Elyvilon
  5942 | Temple   | Became a worshipper of Warmaster Okawaru
  5976 | D:7      | Found a roughly hewn altar of Beogh.
  6120 | D:7      | Found a hazy altar of Hepliaklqana.
  6238 | D:7      | Found a burning altar of Makhleb.
  6314 | D:7      | hm
  6500 | D:7      | Reached * piety under Okawaru
  6505 | D:7      | Reached skill level 1 in Invocations
  6831 | D:8      | Noticed a boulder beetle
  6835 | D:8      | Killed a boulder beetle
  6835 | D:8      | Reached ** piety under Okawaru
  6836 | D:8      | Reached skill level 9 in Axes
  7444 | D:8      | Noticed a two-headed ogre
  7447 | D:8      | Killed a two-headed ogre
  7447 | D:8      | Reached *** piety under Okawaru
  7448 | D:8      | Reached XP level 11. HP: 84/84 MP: 12/12
  7800 | D:9      | Noticed Gastronok
  7802 | D:9      | hi
  7823 | D:9      | Killed Gastronok
  7838 | D:9      | Reached skill level 6 in Armour
  7857 | D:9      | Found a broken altar of Ashenzari.
  7867 | D:9      | Reached skill level 3 in Dodging
  7927 | D:9      | Found a flagged portal.
  8012 | Bailey   | Entered a bailey
  8071 | Bailey   | Reached skill level 8 in Fighting
  8129 | Bailey   | Reached **** piety under Okawaru
  8270 | Bailey   | Reached skill level 3 in Invocations
  8391 | Bailey   | hm
  8391 | Bailey   | Acquired a +2 pair of gloves of infusion
  8640 | Bailey   | Found an iron altar of Okawaru.
  8649 | Bailey   | Noticed an orc high priest
  8650 | Bailey   | what
  8662 | Bailey   | Killed an orc high priest
  8713 | Bailey   | eh
  8822 | D:9      | Found a hide-covered altar of Uskayaw.
  9168 | D:10     | Entered Level 10 of the Dungeon
  9269 | D:10     | Noticed a death yak
  9289 | D:10     | Noticed a death yak
  9294 | D:10     | hm
  9301 | D:10     | Killed a death yak
  9301 | D:10     | Reached ***** piety under Okawaru
  9302 | D:10     | Reached skill level 9 in Fighting
  9307 | D:10     | Killed a death yak
  9308 | D:10     | Reached XP level 12. HP: 73/95 MP: 0/15
  9406 | D:10     | Found a staircase to the Lair.
  9427 | D:10     | Noticed Lodul
  9491 | D:10     | Killed Lodul
  9491 | D:10     | Received a gift from Okawaru
  9757 | D:10     | Noticed a two-headed ogre
  9768 | D:10     | Killed a two-headed ogre
  9801 | D:10     | Found a shadowy altar of Dithmenos.
 10277 | D:11     | Noticed a two-headed ogre
 10282 | D:11     | Killed a two-headed ogre
 10413 | D:11     | Reached skill level 6 in Invocations
 10524 | D:11     | Received a gift from Okawaru
 10699 | D:11     | Found a staircase to the Orcish Mines.
 11010 | D:11     | Found Fopuvywk's Vocational Training.
 11504 | D:11     | Reached skill level 10 in Fighting
 11596 | D:11     | Reached skill level 9 in Armour
 11645 | D:11     | Bought a manual of Invocations for 1040 gold pieces
 11694 | Lair:1   | Entered Level 1 of the Lair of Beasts
 11930 | Lair:1   | Received a gift from Okawaru
 11931 | Lair:1   | Reached XP level 13. HP: 103/103 MP: 7/18
 12837 | Lair:2   | Received a gift from Okawaru
 13378 | Lair:3   | Found a hole to the Spider Nest.
 13497 | Lair:3   | Noticed Nergalle
 13498 | Lair:3   | why
 13501 | Lair:3   | Found a staircase to the Swamp.
 13502 | Lair:3   | why
 13539 | Lair:3   | Reached skill level 11 in Fighting
 13730 | Lair:3   | Received a gift from Okawaru
 13831 | Lair:3   | Killed Nergalle
 13832 | Lair:3   | Reached skill level 6 in Dodging
 14300 | Lair:4   | Noticed Rupert
 14316 | Lair:4   | Killed Rupert
 14317 | Lair:4   | Reached skill level 9 in Invocations
 15398 | Lair:5   | Entered Level 5 of the Lair of Beasts
 15418 | Lair:5   | Reached XP level 14. HP: 113/113 MP: 3/21
 15418 | Lair:5   | Acquired a hypergenerator N-20 {rPois rF+ Regen+ RegenMP+
                  | rCorr}
 15422 | Lair:5   | Reached skill level 12 in Axes
 15565 | Lair:5   | Received a gift from Okawaru
 15752 | Lair:5   | Acquired 556 gold pieces
 15804 | Lair:5   | Noticed Kirke
 15818 | Lair:5   | Killed Kirke
 15838 | Lair:5   | Received a gift from Okawaru
 15931 | Lair:5   | Reached ****** piety under Okawaru
 15932 | Lair:5   | Acquired the +8 orange crystal plate armour {Archmagi,
                  | Int+3 Clar}
 15932 | Lair:5   | Received a gift from Okawaru
 15932 | Lair:5   | Found the +8 orange crystal plate armour {Archmagi, Int+3
                  | Clar}
 15934 | Lair:5   | Acquired a +1 heavy broad axe
 15934 | Lair:5   | Received a gift from Okawaru
 16137 | Lair:5   | Received a gift from Okawaru
 16243 | Lair:5   | Reached skill level 15 in Axes
 16318 | Lair:5   | Found a staircase to the Slime Pits.
 16890 | D:12     | Reached XP level 15. HP: 118/118 MP: 14/22
 16892 | D:12     | Received a gift from Okawaru
 17215 | Orc:1    | Entered Level 1 of the Orcish Mines
 17421 | Orc:2    | Entered Level 2 of the Orcish Mines
 17423 | Orc:2    | Found a staircase to the Elven Halls.
 17525 | Orc:2    | Noticed Blork the orc
 17534 | Orc:2    | Received a gift from Okawaru
 17536 | Orc:2    | Killed Blork the orc
 17553 | Orc:2    | Found a roughly hewn altar of Beogh.
 17553 | Orc:2    | Noticed an orc warlord
 17569 | Orc:2    | Killed an orc warlord
 17607 | Orc:2    | Found Gaarr's Overcharged Wands.
 17653 | Orc:2    | Noticed Urug
 17663 | Orc:2    | ow?
 17663 | Orc:2    | HP: 16/118 [Urug/+1 glaive (8)]
 17664 | Orc:2    | why
 17666 | Orc:2    | hm
 17685 | Orc:2    | Killed Urug
 17786 | Orc:2    | Found Juicyth's General Store.
 17864 | Orc:2    | Noticed Snorg
 17870 | Orc:2    | Killed Snorg
 17971 | Orc:2    | Found Xociesk's Antique Armour Shop.
 17986 | Orc:2    | Found Vatsidur's Jewellery Shop.
 18089 | Orc:2    | Found Nefama Inki's Antique Weapon Shop.
 18160 | Orc:1    | Found Xusesch's Assorted Antiques.
 18439 | Orc:2    | Bought the +9 crystal plate armour "Miow" {Rampage rElec
                  | Will++} for 1874 gold pieces
 18439 | Orc:2    | Bought a potion of might for 56 gold pieces
 18450 | Orc:2    | Acquired a +5 broad axe of draining
 18514 | Orc:1    | Bought a scroll of teleportation for 99 gold pieces
 19423 | D:14     | Received a gift from Okawaru
 19498 | D:14     | Found a gate to the Vaults.
 19805 | D:14     | Reached skill level 12 in Invocations
 20029 | D:15     | Entered Level 15 of the Dungeon
 20194 | D:15     | Found a portal to a secret trove of treasure.
 20425 | D:15     | Reached XP level 16. HP: 122/126 MP: 19/25
 20492 | D:15     | Found a staircase to the Depths.
 20496 | D:15     | Received a gift from Okawaru
 20551 | D:15     | Noticed Roxanne
 20560 | D:15     | Killed Roxanne
 20843 | Spider:1 | Entered Level 1 of the Spider Nest
 20915 | Spider:1 | Reached skill level 12 in Fighting
 21022 | Spider:1 | Received a gift from Okawaru
 21347 | Spider:1 | Received a gift from Okawaru
 21358 | Spider:1 | Reached skill level 13 in Fighting
 21428 | Spider:1 | Reached skill level 12 in Armour
 21519 | Spider:1 | meh
 21830 | Spider:2 | Reached skill level 14 in Fighting
 21897 | Spider:2 | Received a gift from Okawaru
 21911 | Spider:2 | Reached XP level 17. HP: 89/140 MP: 1/26
 22161 | Spider:2 | Reached skill level 15 in Fighting
 22536 | Spider:3 | Received a gift from Okawaru
 22609 | Spider:3 | Reached skill level 16 in Fighting
 22883 | Spider:3 | Received a gift from Okawaru
 23448 | Spider:3 | Received a gift from Okawaru
 23460 | Spider:3 | Reached skill level 17 in Fighting
 23531 | Spider:3 | Received a gift from Okawaru
 23594 | Spider:3 | Reached skill level 18 in Fighting
 23598 | Spider:3 | Reached XP level 18. HP: 151/157 MP: 1/27
 23668 | Spider:3 | Received a gift from Okawaru
 23688 | Spider:3 | Reached skill level 19 in Fighting
 23772 | Spider:3 | Received a gift from Okawaru
 23838 | Spider:3 | Reached skill level 20 in Fighting
 23907 | Spider:3 | Received a gift from Okawaru
 24006 | Spider:3 | Received a gift from Okawaru
 24018 | Spider:3 | Reached skill level 21 in Fighting
 24023 | Spider:3 | Reached XP level 19. HP: 163/172 MP: 0/28
 24112 | Spider:4 | Entered Level 4 of the Spider Nest
 24120 | Spider:4 | Noticed Mlioglotl
 24125 | Spider:4 | Killed Mlioglotl
 24203 | Spider:4 | Received a gift from Okawaru
 24297 | Spider:4 | Identified the -2 robe of the Evening Star {rPois rC- Str+4
                  | Dex+5}
 24302 | Spider:4 | Identified the +0 pair of gloves of the Purple Skies {rPois
                  | Will+ Dex+5 Stlth-}
 24315 | Spider:4 | hm
 24600 | Spider:4 | Reached skill level 22 in Fighting
 24702 | Spider:4 | Received a gift from Okawaru
 24765 | Spider:4 | Acquired 859 gold pieces
 24796 | Spider:4 | Found the +3 Mad Mage's Maulers {Infuse+∞ VampMP -Cast}
 24819 | Spider:4 | Got a gossamer rune of Zot
 25158 | Swamp:1  | Entered Level 1 of the Swamp
 25247 | Swamp:1  | Reached skill level 9 in Dodging
 25682 | Swamp:1  | Found a runed translucent door.
 25682 | Swamp:1  | Noticed Don Ynad's ghost (adept FoDe)
 25867 | Swamp:1  | Killed Don Ynad's ghost
 25872 | Swamp:1  | Identified the staff "Iklaxadu" {rC+ rCorr Dex+2 Ice}
 25896 | Swamp:2  | Noticed a tentacled monstrosity
 25899 | Swamp:2  | Killed a tentacled monstrosity
 25899 | Swamp:2  | Received a gift from Okawaru
 26354 | Swamp:2  | Received a gift from Okawaru
 26575 | Swamp:3  | Reached XP level 20. HP: 182/182 MP: 1/29
 26669 | Swamp:3  | Found a runed translucent gate.
 26669 | Swamp:3  | Found a runed translucent gate.
 26669 | Swamp:3  | Found a runed translucent gate.
 26670 | Swamp:3  | Noticed Rualuul's ghost (adept MfBe)
 26947 | Swamp:3  | Killed Rualuul's ghost
 26981 | Swamp:4  | Entered Level 4 of the Swamp
 26981 | Swamp:4  | Noticed Bai Suzhen
 26993 | Swamp:4  | Killed Bai Suzhen
 27091 | Swamp:4  | why
 27630 | Swamp:4  | Received a gift from Okawaru
 27687 | Swamp:4  | Got a decaying rune of Zot
 27898 | Elf:1    | Entered Level 1 of the Elven Halls
 28105 | Elf:1    | Found a huge runed translucent gate.
 28105 | Elf:1    | Found a huge runed translucent gate.
 28107 | Elf:1    | Found a huge runed translucent gate.
 28109 | Elf:1    | Found a huge runed translucent gate.
 28109 | Elf:1    | Found a huge runed translucent gate.
 28109 | Elf:1    | Found a huge runed translucent gate.
 28109 | Elf:1    | Found a huge runed translucent gate.
 28109 | Elf:1    | Found a huge runed translucent gate.
 28115 | Elf:1    | Found a huge runed translucent gate.
 28116 | Elf:1    | Found a huge runed translucent gate.
 28116 | Elf:1    | Found a huge runed translucent gate.
 28116 | Elf:1    | Found a huge runed translucent gate.
 28116 | Elf:1    | Found a huge runed translucent gate.
 28116 | Elf:1    | Found a huge runed translucent gate.
 28117 | Elf:1    | Found a huge runed translucent gate.
 28117 | Elf:1    | Found a huge runed translucent gate.
 28118 | Elf:1    | Found a huge runed translucent gate.
 28118 | Elf:1    | Found a huge runed translucent gate.
 28118 | Elf:1    | Found a huge runed translucent gate.
 28119 | Elf:1    | Found a huge runed translucent gate.
 28267 | Elf:1    | Paralysed by an air elemental for 1 turns
 28872 | Elf:1    | Reached skill level 23 in Fighting
 29046 | Elf:2    | Received a gift from Okawaru
 29179 | Elf:2    | Found a runed translucent gate.
 29180 | Elf:2    | Found a runed translucent gate.
 29180 | Elf:2    | Found a runed translucent gate.
 29216 | Elf:2    | Noticed Nikola
 29221 | Elf:2    | Killed Nikola
 29809 | Elf:2    | Received a gift from Okawaru
 29992 | Elf:2    | Reached skill level 24 in Fighting
 30005 | Elf:2    | Noticed Azrael
 30011 | Elf:2    | Killed Azrael
 30193 | Elf:3    | Entered Level 3 of the Elven Halls
 30218 | Elf:3    | Reached XP level 21. HP: 171/195 MP: 1/30
 30469 | Elf:3    | Received a gift from Okawaru
 30542 | Elf:3    | Reached skill level 15 in Armour
 30604 | Elf:3    | Found an ancient bone altar of Kikubaaqudgha.
 30963 | Elf:3    | hm
 31188 | Elf:3    | Received a gift from Okawaru
 31231 | Elf:3    | Identified the +4 robe "Onuv" {Regen+ rCorr Slay+2}
 31238 | Elf:3    | Identified the +2 long sword "Uthees" {spect, rC+ Will+}
 31382 | Elf:3    | Found the +10 tower shield of Ignorance {rN+ Int-4}
 31418 | Elf:3    | Got the Compendium of Venomous Portents
 31467 | Elf:3    | Got the Octavo of Malisons and Topography
 31473 | Elf:3    | Identified the +1 robe of the Devil {Str+7 Dex-3}
 31668 | Elf:3    | Received a gift from Okawaru
 31904 | Vaults:1 | Entered Level 1 of the Vaults
 32153 | Vaults:1 | Identified the +0 war axe of Prudence {flame, SInv}
 32331 | Vaults:1 | Noticed Donald
 32334 | Vaults:1 | Killed Donald
 32444 | Vaults:1 | Received a gift from Okawaru
 32862 | Vaults:2 | Noticed Zenata
 32876 | Vaults:2 | Killed Zenata
 33011 | Vaults:2 | Noticed Saint Roka
 33015 | Vaults:2 | Killed Saint Roka
 33016 | Vaults:2 | Reached XP level 22. HP: 168/204 MP: 3/32
 33088 | Vaults:2 | Received a gift from Okawaru
 33095 | Vaults:2 | Found Host's Magic Scroll Shoppe.
 33098 | Vaults:2 | Bought a scroll of enchant weapon for 165 gold pieces
 33359 | Vaults:2 | what even
 33692 | Vaults:2 | Noticed Norris
 33709 | Vaults:2 | Killed Norris
 33747 | Vaults:2 | Found a staircase to the Crypt.
 34088 | Vaults:3 | Reached skill level 25 in Fighting
 34517 | Vaults:3 | Received a gift from Okawaru
 35181 | Vaults:4 | eh
 35196 | Vaults:4 | Found Cocwapt's Weapon Boutique.
 35357 | Vaults:4 | Found Qorawa Gaimm's Book Boutique.
 35469 | Vaults:4 | Reached skill level 26 in Fighting
 35470 | Vaults:4 | Received a gift from Okawaru
 35608 | Vaults:4 | Found Adiyg's Weapon Emporium.
 35608 | Vaults:4 | Found Gipach's Book Boutique.
 35616 | Vaults:4 | Bought a manual of Axes for 1440 gold pieces
 35631 | Vaults:4 | Found Buicuntib's Weapon Emporium.
 35796 | Vaults:4 | Noticed an ancient lich
 35803 | Vaults:4 | Killed an ancient lich
 36256 | Vaults:4 | eh
 36420 | Crypt:1  | Entered Level 1 of the Crypt
 36564 | Crypt:1  | Reached XP level 23. HP: 194/198 MP: 3/33
 37088 | Crypt:2  | why
 37092 | Crypt:3  | Entered Level 3 of the Crypt
 37203 | Crypt:2  | Reached skill level 27 in Fighting
 37265 | Crypt:2  | Received a gift from Okawaru
 37711 | Crypt:2  | Acquired 491 gold pieces
 37922 | Crypt:2  | Got Zef Fyodi's Incunable of the Grave and the Zephyr
 38070 | Crypt:3  | Received a gift from Okawaru
 38142 | Crypt:3  | Identified the orb "Viema" {*channel, Str+3}
 38142 | Crypt:3  | Noticed Frederick
 38155 | Crypt:3  | Killed Frederick
 38233 | Crypt:3  | Found a basalt altar of Yredelemnul.
 39042 | Crypt:3  | Got the Spellbook of Mutual Geometry
 39285 | Crypt:3  | Reached skill level 18 in Armour
 39447 | Crypt:3  | Found a staircase to the Tomb.
 39965 | Crypt:3  | Identified the staff "Ewobivvu" {rF+ Will+ Fire}
 39968 | Crypt:3  | Identified the ring "Nips" {rCorr Str+3 Int+4 Dex-2}
 40321 | Depths:1 | Entered Level 1 of the Depths
 40350 | Depths:1 | Reached skill level 18 in Axes
 40371 | Depths:1 | Reached XP level 24. HP: 218/227 MP: 3/33
 40421 | Depths:1 | Found a glowing silver altar of Zin.
 40567 | Depths:1 | Found a gateway to Hell.
 40576 | Depths:1 | Found the +8 lance "Wyrmbane" {slay drac, rPois rF+ rC+
                  | AC+3}
 40578 | Depths:1 | maybe?
 40600 | Depths:1 | I guess I'll have trouble enchanting it though?
 40655 | Depths:1 | Received a gift from Okawaru
 40753 | Depths:1 | Found Kias's Pet Rocks.
 40763 | Depths:1 | Bought a wand of digging (3) for 138 gold pieces
 40763 | Depths:1 | Bought a wand of digging (4) for 184 gold pieces
 40767 | Depths:1 | Found a one-way gateway to a ziggurat.
 41311 | Depths:2 | Found a one-way gate leading to the halls of Pandemonium.
 41423 | Depths:2 | Found a one-way gate to the infinite horrors of the Abyss.
 41483 | Depths:2 | Received a gift from Okawaru
 41493 | Depths:2 | what
 42384 | Depths:3 | Identified the ring "Tevuajez" {Ice rPois rCorr Int+4 SInv}
 42384 | Depths:3 | Noticed Josephina
 42396 | Depths:3 | Killed Josephina
 42422 | Depths:3 | Received a gift from Okawaru
 42752 | Depths:3 | Identified the +5 dagger of Responsibility {heavy, rF++
                  | Will+ Dex+3}
 42755 | Depths:3 | Identified the +0 pair of boots of the Pit {rC+}
 42761 | Depths:3 | Identified the +1 glaive of Amonim {flame, rElec Str+3}
 42873 | Depths:3 | Received a gift from Okawaru
 42949 | Depths:3 | Found a corrupted altar of Lugonu.
 43006 | Depths:3 | Reached skill level 12 in Dodging
 43100 | Depths:3 | Noticed Mennas
 43107 | Depths:3 | Killed Mennas
 43108 | Depths:3 | Reached XP level 25. HP: 234/234 MP: 2/33
 43342 | Depths:4 | Entered Level 4 of the Depths
 43433 | Depths:4 | Found Zaorosk's Book Shoppe.
 43498 | Depths:4 | Received a gift from Okawaru
 43657 | Depths:4 | Reached skill level 21 in Armour
 43909 | Depths:4 | Received a gift from Okawaru
 44148 | Depths:4 | Found a gate to the Realm of Zot.
 44835 | Vaults:5 | Entered Level 5 of the Vaults
 44835 | Vaults:5 | Noticed an ancient lich
 44984 | Vaults:5 | Killed an ancient lich
 45013 | Vaults:5 | Identified the +10 shortbow "Weikk" {freeze, rElec rPois
                  | rF+ Will- Str+3}
 45050 | Vaults:5 | Received a gift from Okawaru
 45305 | Vaults:5 | Reached XP level 26. HP: 242/242 MP: 6/33
 45331 | Vaults:5 | Received a gift from Okawaru
 45400 | Vaults:5 | Reached skill level 21 in Axes
 45597 | Vaults:5 | Identified the staff "Eluruibe" {Str+3 Summ Earth}
 45720 | Vaults:5 | Identified the ring "Wuozac" {AC+4 Str+4}
 45784 | Vaults:5 | Identified the +2 ring mail of Faske {rC+ Regen+}
 45916 | Vaults:5 | Identified the +6 orcbow "Filame Feoka" {freeze, Int+3
                  | Dex-5 Stlth+}
 46006 | Vaults:5 | Identified the ring "Lilaker" {rC+ Str+4}
 46019 | Vaults:5 | Received a gift from Okawaru
 46071 | Vaults:5 | Found the +0 pair of fencer's gloves {Riposte Dex+3}
 46079 | Vaults:5 | eh
 46083 | Vaults:5 | Got a silver rune of Zot
 46801 | Orc:2    | Bought a wand of light (18) for 1134 gold pieces
 46801 | Orc:2    | Bought a wand of roots (18) for 648 gold pieces
 46801 | Orc:2    | Bought a wand of roots (18) for 648 gold pieces
 46846 | Orc:1    | Bought a pair of runed boots for 247 gold pieces
 46893 | Orc:2    | Bought a pair of embroidered boots for 210 gold pieces
 46922 | Orc:2    | Bought a potion of haste for 140 gold pieces
 47191 | Vaults:2 | Bought a scroll of fog for 88 gold pieces
 47191 | Vaults:2 | Bought a scroll of fog for 88 gold pieces
 47191 | Vaults:2 | Bought a scroll of fog for 88 gold pieces
 47466 | Zot:1    | Entered Level 1 of the Realm of Zot
 47555 | Zot:2    | Noticed an electric golem
 47758 | Zot:4    | Killed an electric golem
 47765 | Zot:4    | HP: 24/242 [red draconian scorcher/damnation[a yellow
                  | draconian annihilator] (50)]
 47766 | Zot:4    | wait what
 47909 | Zot:4    | Noticed an electric golem
 47913 | Zot:4    | Killed an electric golem
 47946 | Zot:5    | Entered Level 5 of the Realm of Zot
 47955 | Zot:5    | Received a gift from Okawaru
 48138 | Zot:5    | Reached skill level 24 in Armour
 48197 | Zot:5    | Got a prismatic gem with 321 turns to spare
 48246 | Zot:5    | Noticed an orb of fire
 48248 | Zot:5    | Noticed an orb of fire
 48262 | Zot:5    | Killed an orb of fire
 48263 | Zot:5    | Reached XP level 27. HP: 242/249 MP: 6/33
 48269 | Zot:5    | Killed an orb of fire
 48269 | Zot:5    | Received a gift from Okawaru
 48278 | Zot:5    | Reached skill level 15 in Dodging
 48280 | Zot:5    | Noticed an electric golem
 48285 | Zot:5    | Noticed an orb of fire
 48294 | Zot:5    | Killed an orb of fire
 48297 | Zot:5    | Killed an electric golem
 48371 | Zot:5    | Got the Orb of Zot
 48642 | Depths:1 | Received a gift from Okawaru
 48799 | D:8      | Noticed a seraph
 48815 | D:8      | Killed a seraph
 49090 | D:$      | Escaped with the Orb!

Levels and vault maps discovered:
D:1:      minmay_arrival_solitary_statue, layout_basic
D:2:      layout_rooms, serial_glass, glass_columns_b, glass_columns_a,
          glass_columns_b, glass_columns_a, glass_columns_a, glass_columns_c,
          glass_columns_c, glass_columns_b, basic_ecumenical_altar, basic_altar,
          minivault_26, uniq_terence
D:3:      layout_basic, gup_sewer_entry_bowl, serial_shops, shop, uniq_ijyb,
          uniq_robin, uniq_pargi
D:4:      layout_basic, mainiacjoe_overflow_cross_hatched, uniq_natasha
D:5:      layout_basic, elyvilon_altar_3, uniq_duvessa
D:6:      layout_loops_corners, nicolae_letterblocks [nicolae_letter_subblock,
          nicolae_letter_subblock, nicolae_letter_subblock,
          nicolae_letter_subblock, nicolae_letter_subblock,
          nicolae_letter_subblock, nicolae_letter_subblock,
          nicolae_letter_subblock, nicolae_letter_subblock,
          nicolae_letter_subblock, nicolae_letter_subblock,
          nicolae_letter_subblock, nicolae_letter_subblock,
          nicolae_letter_subblock, nicolae_letter_subblock,
          nicolae_letter_subblock, nicolae_letter_subblock,
          nicolae_letter_subblock, nicolae_letter_subblock,
          nicolae_letter_subblock, nicolae_letter_subblock,
          nicolae_letter_subblock, nicolae_letter_subblock,
          nicolae_letter_subblock, nicolae_letter_subblock]
D:7:      hangedman_cross_stitches, layout_gridville,
          worldfamousw_hep_ancestral_shrine, bloody_makhleb,
          minmay_temple_entry_poolview, david_defended_altar_orc
D:8:      layout_loops_cross
D:9:      layout_rooms, lemuel_coloured_pillars_altar,
          mainiacjoe_overflow_surrounded_room, enter_bailey_5, uniq_gastronok
D:10:     layout_irregular_city, lemuel_tele_altar, dpeg_lair_monsters,
          st_stairs_4, uniq_lodul
D:11:     layout_layer_cave, erik_orc_4, nicolae_shop_vocational
D:12:     minmay_dotted_concentric_squares, layout_cave_pools
D:13:     layout_basic, serial_bayou, serial_bayou_shore_a, serial_bayou_pond_d,
          serial_bayou_crossing, serial_bayou_lagoon_a, grunt_decor_one_mirror,
          minmay_misc_feat_roman
D:14:     layout_loops_cross, erik_vaults_1, nicolae_water_bricks
D:15:     hangedman_depths_entry_try_elsewhere_first, layout_irregular_city,
          nicolae_trove_entry_crystal, grunt_decor_junction, uniq_roxanne
Temple:   hellmonk_temple_of_storms
Lair:1:   layout_roguey
Lair:2:   layout_cave_pods, dreamdust_deal_with_the_devil
Lair:3:   layout_loops_ring, minmay_swamp_entry_reptiles,
          nicolae_spider_entry_lesser_pyramids, lemuel_fruit_fields,
          uniq_nergalle
Lair:4:   layout_layer_cave, uniq_rupert
Lair:5:   minmay_lair_end_frog_pond, layout_hall_layers, slime_entry_1,
          grunt_forest_large_clearing_hut, lemuel_fruit_tree, uniq_kirke
Swamp:1:  layout_basic_swamp, gammafunk_ghost_grave,
          nicolae_swamp_very_dense_foliage, swamp_pool_4
Swamp:2:  layout_basic_swamp, evilmike_swamp_ruin_rubble_2, swamp_pool_5
Swamp:3:  layout_basic_swamp, gammafunk_ghost_hydra_chop,
          evilmike_swamp_ruin_house_3, swamp_pool_1_2
Swamp:4:  swamp_icy, layout_basic_swamp, swamp_pool_4, uniq_bai_suzhen
Spider:1: nicolae_spider_brood_tunnel, nicolae_spider_rock_and_or_roll
Spider:2: layout_spider_delve
Spider:3: layout_spider_delve, spiders_nest_spider_trap
Spider:4: hellmonk_spider_rune_endless_swarm, hellmonk_motheaten_closet,
          uniq_mlioglotl
Orc:1:    layout_caves, serial_shops, nicolae_shop_stone, roderic_batcave
Orc:2:    grunt_orc_cross, layout_caves, nicolae_shop_overcharged_wands,
          uniq_snorg, uniq_urug
Elf:1:    minmay_elf_arrival_circle, layout_geoelf_octagon,
          hangedman_elf_represent
Elf:2:    nicolae_elf_blades_crystal_corner, layout_loops_corners, uniq_nikola,
          uniq_azrael
Elf:3:    minmay_elf_hall_four_x, layout_loops_corners, basic_altar,
          minivault_20, grunt_ministairs_6
Vaults:1: v_misc_33, nicolae_vaults_offset_grid_hallway_2,
          nicolae_vaults_shrinking_rooms_1,
          vaults_standard_mumra_enter_the_diamond, v_rooms_1, v_pattern_3,
          v_misc_11, nicolae_vaults_little_squares_3, vaults_room_ringed_pool,
          v_misc_17, layout_vaults_ring, uniq_donald
Vaults:2: nicolae_vaults_storage_closets_1, nicolae_vaults_trapezoid_layered,
          nicolae_vaults_tangram_1, vaults_room_large_hall,
          minmay_crypt_entry_simple_plaza, cheibrodos_frozen_isle, v_misc_16,
          vaults_mumra_hexcomb, nicolae_vaults_diamond_2,
          ontoclasm_vaults_ring_small, nicolae_vaults_octothorpe,
          nicolae_vaults_tetromino_T_2, nicolae_vaults_trapezoid_lopsided_3,
          nicolae_vaults_trapezoid_lopsided_3, layout_vaults_big_cross,
          serial_shops, nicolae_shop_rolled_up, uniq_zenata, uniq_saint_roka,
          uniq_norris
Vaults:3: nicolae_vaults_tetromino_Z_2, nicolae_vaults_storage_closets_3,
          v_pattern_2, nicolae_vaults_asterisk, v_misc_9,
          nicolae_vaults_crenellated_ambush, hangedman_vaults_stream, v_misc_22,
          nicolae_vaults_tetromino_L_1, layout_vaults_quadrants
Vaults:4: nicolae_vaults_network_quinsquares
          [nicolae_vaults_network_quincunx_subvault,
          nicolae_vaults_network_quincunx_subvault,
          nicolae_vaults_network_quincunx_subvault,
          nicolae_vaults_network_quincunx_subvault],
          nicolae_vaults_layer_cake_slice, vaults_room_pool,
          nicolae_vaults_trapezoid_1, nicolae_vaults_more_shelving_2,
          ontoclasm_vaults_ligature, nicolae_vaults_mini_display_case,
          nicolae_vaults_network_periphery, v_misc_14,
          nicolae_vaults_closet_pinwheel_1, v_misc_22,
          nicolae_vaults_ring_of_whatevers, grunt_vaults_twisty,
          nicolae_vaults_variable_pillar_hall, nicolae_vaults_little_squares_6,
          layout_vaults_maze_bifur, serial_shops, shop, shop, shop, shop, shop
Vaults:5
Crypt:1:  layout_catacombs
Crypt:2:  layout_gridlike, evilmike_ambush [evilmike_ambush_outer_basic,
          evilmike_ambush_inner_basic], roderic_lattice_octagonal_star
Crypt:3:  evilmike_haunted_forest, uniq_frederick
Depths:1: layout_roguey, enter_ziggurat_d, hellmouth_2, zin_angel,
          minmay_misc_feat_diagonals, serial_library_hellmonk_open_square,
          guppyfry_shop_earth, grunt_megastairs_2
Depths:2: hellmonk_ruined_rings, layout_gridlike, abyss_entry, hell_entry,
          rand_demon_pan_entry_5, serial_aquarium, aquarium_bridge_square
          [aquarium_subvault_bridge, aquarium_subvault_wall,
          aquarium_subvault_balcony, aquarium_subvault_wall],
          aquarium_bridge_long_joined [aquarium_subvault_bridge,
          aquarium_subvault_wall, aquarium_subvault_bridge,
          aquarium_subvault_bridge, aquarium_subvault_balcony,
          aquarium_subvault_bridge], aquarium_window_1, aquarium_window_2,
          aquarium_window_1, aquarium_window_2, aquarium_view_2e
Depths:3: minmay_the_grid_triangle_9x9_recursive_2_mashed
          [minmay_the_grid_triangle_9x9_prize_schism,
          minmay_the_grid_triangle_9x9_negative_grid,
          minmay_the_grid_triangle_9x9_alien,
          minmay_the_grid_triangle_9x9_impossible_snake], layout_gridlike,
          abyss_entry_flame_altar, hell_entry, uniq_josephina, uniq_mennas
Depths:4: evilmike_zot_entry_diamond, layout_basic, minmay_misc_feat_tower,
          serial_shops, nicolae_shop_just_a_little_nook, hell_entry
Zot:1:    layout_gridville, regret_index_zotdec_dark_gr, nrook_zot_tub
Zot:2:    gammafunk_mikee_crab_dinner, layout_misc_corridors,
          st_single_dragon_hoard_3, hangedman_spider_trapstep
Zot:3:    layout_twisted_circle, regret_index_zotdec_magical_s,
          nicolae_diode_quadrants, uniq_grunn
Zot:4:    layout_misc_corridors
Zot:5:    layout_misc_corridors, skrybe_zot_glass_3

Action                     |  1- 3 |  4- 6 |  7- 9 | 10-12 | 13-15 | 16-18 | 19-21 | 22-24 | 25-27 || total
---------------------------+-------+-------+-------+-------+-------+-------+-------+-------+-------++-------
  Melee: War axe           |    49 |   129 |   175 |   876 |   808 |       |       |       |       ||  2037
         Whip              |    43 |   119 |   161 |       |       |       |       |       |       ||   323
         Dagger            |     1 |       |       |       |       |       |       |       |       ||     1
         Broad axe         |       |       |       |    10 |   375 |  1003 |  1260 |  1171 |   493 ||  4312
         Lance             |       |       |       |       |       |       |       |   291 |   719 ||  1010
  Throw: Throwing net      |       |     2 |       |       |       |       |       |       |       ||     2
         Dart              |       |       |     9 |    12 |     6 |       |       |       |       ||    27
 Invoke: Heroism           |       |       |       |     5 |     2 |     1 |     3 |       |     2 ||    13
         Receive Weapon    |       |       |       |       |     1 |       |       |       |       ||     1
         Receive Armour    |       |       |       |       |     1 |       |       |       |       ||     1
         Finesse           |       |       |       |       |     1 |     5 |    14 |    13 |     7 ||    40
Ability: Invent Gizmo      |       |       |       |       |     1 |       |       |       |       ||     1
  Evoke: Wand              |       |       |     5 |    15 |    13 |     2 |     2 |       |     6 ||    43
         Lightning rod     |       |       |       |       |       |       |     2 |       |       ||     2
    Use: Scroll            |     5 |     5 |     5 |     9 |    14 |     3 |     9 |     5 |    15 ||    70
         Potion            |       |     1 |     1 |     2 |     7 |     2 |     1 |     2 |    11 ||    27
   Stab: Sleeping          |     1 |       |       |       |       |       |       |       |       ||     1
         Held in net/web   |       |     1 |       |       |       |       |       |       |       ||     1
         Invisible         |       |       |     2 |     3 |     4 |       |     3 |       |       ||    12
         Distracted        |       |       |       |       |       |     1 |     2 |       |       ||     3
 Armour: Leather armour    |    24 |       |       |       |       |       |       |       |       ||    24
         Scale mail        |     3 |    82 |       |       |       |       |       |       |       ||    85
         Chain mail        |       |    14 |   121 |       |       |       |       |       |       ||   135
         Skin              |       |     8 |       |       |       |       |       |       |       ||     8
         Plate armour      |       |       |    20 |   404 |   286 |       |       |       |       ||   710
         Crystal plate arm |       |       |       |       |   444 |   803 |   716 |   785 |   485 ||  3233
  Dodge: Dodged            |    41 |    68 |    60 |   147 |   233 |   250 |   221 |   237 |   230 ||  1487
